 Dungeon Crawl Stone Soup version 0.17.1-3-g152610e (webtiles) character file.

25327 Urist the Cleaver (level 13, -10/116 HPs)
             Began as a Hill Orc Fighter on Apr 6, 2016.
             Was the Champion of Makhleb.
             Killed from afar by a balrug (36 damage)
             ... with a fireball
             ... summoned by the player character
             ... on level 4 of the Orcish Mines.
             The game lasted 01:14:38 (12028 turns).

Urist the Cleaver (Hill Orc Fighter)               Turns: 12028, Time: 01:14:40

Health: -10/116    AC: 13    Str: 23    XL:     13   Next: 18%
Magic:  16/16      EV: 16    Int:  5    God:    Makhleb [******]
Gold:   1808       SH: 13    Dex: 18    Spells: 0 memorised, 12 levels left

rFire  . . .     SeeInvis +     z - +9 war axe of Demonkind {vamp, rN+}
rCold  . . .     Clarity  .     I - +4 ring mail of Wuatur {MR+ Regen+}
rNeg   + + .     SustAt   .     c - +0 shield
rPois  .         Gourm    .     (no helmet)
rElec  +         Spirit   .     y - +1 cloak
rCorr  .         Warding  .     s - +1 pair of gloves {archery}
rMut   .         Stasis   .     Y - +0 pair of boots of Idealism {SInv Stlth+}
MR     +....                    B - amulet of faith
Stlth  ++++......               v - ring "Hahut" {rElec rN+ Int-3 Dex+4 Stlth+}
                                i - +4 ring of dexterity

@: weakened, corroded equipment, somewhat resistant to hostile enchantments,
stealthy
A: talons 1, rough black scales 1, deterioration 1
a: Minor Destruction, Lesser Servant of Makhleb, Major Destruction, Greater
Servant of Makhleb, Renounce Religion


You were on level 4 of the Orcish Mines.
You worshipped Makhleb.
Makhleb was exalted by your worship.
You were not hungry.

You visited 2 branches of the dungeon, and saw 16 of its levels.
You also visited: Sewer.

You collected 2026 gold pieces.
You spent 218 gold pieces at shops.

Inventory:

Hand Weapons
 g - the +7 hand crossbow "Elluoxt" {venom, Str+4}
   (You took it off a crimson imp on level 12 of the Dungeon)

   It poisons the ammo it fires.
   It affects your strength (+4).
 z - the +9 war axe of Demonkind (weapon) {vamp, rN+}
   (You acquired it on level 8 of the Dungeon)

   It inflicts no extra harm, but heals its wielder somewhat when it strikes a
   living foe.
   It protects you from negative energy.
 S - the +3 hand axe of the Shining Light {chop, +Inv Int-5 Dex+3}
   (You found it on level 9 of the Dungeon)

   It inflicts extra damage upon your enemies.
   It affects your intelligence (-5).
   It affects your dexterity (+3).
   It lets you turn invisible.
Missiles
 l - 47 bolts
Armour
 b - a +0 scale mail
 c - a +0 shield (worn)
 s - a +1 pair of gloves of archery (worn)
 y - a +1 cloak (worn)
 D - a +0 pair of boots
 I - the +4 ring mail of Wuatur (worn) {MR+ Regen+}
   (You found it on level 7 of the Dungeon)

   It affects your resistance to hostile enchantments.
   It increases your rate of regeneration.
 Q - a +0 cloak
 W - a +0 large shield
 Y - the +0 pair of boots of Idealism (worn) {SInv Stlth+}
   (You bought it in a shop on level 4 of the Orcish Mines)

   It lets you see invisible.
   It makes you more stealthy.
Jewellery
 i - a +4 ring of dexterity (left hand)
 k - an uncursed amulet of resist corrosion
 u - an uncursed ring of wizardry
 v - the ring "Hahut" (right hand) {rElec rN+ Int-3 Dex+4 Stlth+}
   (You found it on level 5 of the Dungeon)

   [ring of positive energy]

   It affects your intelligence (-3).
   It affects your dexterity (+4).
   It insulates you from electricity.
   It protects you from negative energy.
   It makes you more stealthy.
 B - an amulet of faith (around neck)
 F - an uncursed ring of protection from fire
 N - an uncursed ring of stealth
 X - an uncursed amulet of the gourmand {unknown}
Wands
 m - a wand of fireball (4)
 C - a wand of slowing (11)
 E - a wand of digging (7)
 L - a wand of fireball (12)
 O - a wand of enslavement (9)
 R - a wand of cold (6)
 U - a wand of frost (18)
Scrolls
 a - 3 scrolls of remove curse
 f - 4 scrolls of identify
 t - a scroll of recharging
 x - a scroll of blinking
 A - a scroll of fear
 M - a scroll of brand weapon {unknown}
 P - a scroll of magic mapping
 T - 2 scrolls of enchant weapon
Potions
 j - a potion of lignification
 o - 5 potions of curing
 q - a potion of berserk rage
 r - a potion of brilliance
 w - 2 potions of invisibility
 J - 2 potions of magic
 V - a potion of agility
Books
 p - a book of Geomancy

   Spells                             Type                      Level
   a - Sandblast                      Earth                        1
   b - Stoneskin                      Transmutation/Earth          2
   c - Passwall                       Transmutation/Earth          3
   d - Stone Arrow                    Conjuration/Earth            3
   e - Petrify                        Transmutation/Earth          4
   f - Lee's Rapid Deconstruction     Earth                        5
 G - the Volume of Changing
   (You found it on level 7 of the Dungeon)

   Spells                             Type                      Level
   a - Beastly Appendage              Transmutation                1
   b - Sticks to Snakes               Transmutation                2
   c - Ignite Poison                  Fire/Transmutation/Poison    3
   d - Ice Form                       Ice/Transmutation            4
   e - Statue Form                    Transmutation/Earth          6
 K - an Akashic Record

   Spells                             Type                      Level
   a - Dispersal                      Translocation                6
   b - Malign Gateway                 Summoning/Translocation      7
   c - Disjunction                    Translocation                8
   d - Controlled Blink               Translocation                8
Miscellaneous
 d - a box of beasts {used: 1}
Comestibles
 e - 5 bread rations
 h - 4 beef jerkies
 n - 3 meat rations
 H - 5 slices of pizza


   Skills:
 + Level 11.4 Fighting
 * Level 14.2 Axes
 + Level 1.2 Crossbows
 * Level 9.7 Armour
 - Level 7.4 Dodging
 + Level 3.0 Stealth
 * Level 11.1 Shields
 + Level 5.1 Invocations
 + Level 1.5 Evocations


You had 12 spell levels left.
You didn't know any spells.

Dungeon Overview and Level Annotations

Branches:
Dungeon (12/15)            Temple (0/1) D:6            Lair (0/8) D:8
    Orc (4/4) D:12            Elf (0/3) Orc:4

Altars:
Ashenzari
Cheibriados
Dithmenos
Elyvilon
Kikubaaqudgha
Makhleb
Nemelex Xobeh
Qazlal
Ru
Sif Muna
Trog
Vehumet
Zin
The Shining One
Beogh

Shops:
Orc:4 :[((*

Annotations:
D:7 exclusion: statue
Orc:4 Rupert


Innate Abilities, Weirdness & Mutations

You have sharp toenails.
You are partially covered in rough black scales (AC +4, Dex -1).
Your body sometimes deteriorates upon taking damage.


Message History

You block the orc warrior's attack.
Rupert hits your balrug with a battleaxe of freezing!
Rupert freezes your balrug.
Rupert hits your blizzard demon with a battleaxe of freezing!!
Rupert freezes your blizzard demon. Rupert hits you but does no damage.
The orc warrior hits you with a war axe!
* * * LOW HITPOINT WARNING * * *
The orc warrior hits your balrug with a war axe!
Your balrug gestures at Rupert.
The fireball explodes!
The fireball engulfs Rupert.
The fireball engulfs your balrug.
Your balrug completely resists.
The fireball engulfs the orc warrior.
The orc warrior dies!
Makhleb accepts your kill.
The fireball engulfs your blizzard demon.
Your blizzard demon is burned terribly!
Your blizzard demon dies!
The fireball engulfs you!
You die...

8.P..## .P...#
#.......P...... ......#
#...............
.....##.#.......P.......
#..###...........8......
... ##............∩.....
...##...................
.............P..).......
...............)@o§.....
.........#....2@)).P....
.........##.....§....#..
........####............
.....)....##.........#.#
.....)..............## #
..###).............##
..####............##
.#.#............###


You could see Rupert (berserk), an orc warrior and a friendly balrug.

Vanquished Creatures
  Harold (D:10)
  An orc high priest (Orc:4)
  Sonja (D:10)
  An unseen horror (D:12)
  4 orc knights (Orc:4)
  3 ugly things (D:12)
  4 orc sorcerers
  4 hill giants
  Maurice (D:12)
  Joseph (D:8)
  A two-headed ogre (D:11)
  3 trolls
  A shadow (D:11)
  A steam dragon (D:8)
  2 water elementals (D:12)
  4 yaks (D:10)
  A hippogriff (D:12)
  3 hungry ghosts
  A human (D:7)
  Edmund (D:4)
  3 wargs
  A wasp (D:9)
  4 ice beasts
  2 sky beasts
  28 orc warriors
  2 black bears
  2 necrophages (D:10)
  A phantom (D:11)
  A crocodile (D:9)
  7 ogres
  2 centaurs
  2 big kobolds
  5 giant frogs
  A gnoll sergeant (D:6)
  4 killer bees (D:10)
  20 wights
  3 scorpions
  An electric eel (D:8)
  A vampire bat (D:2)
  4 giant frog zombies
  A centaur zombie (D:11)
  8 crimson imps
  6 two-headed ogre zombies (Orc:2)
  33 orc wizards
  3 centaur skeletons
  20 orc priests
  6 hounds
  3 giant frog skeletons
  6 worker ants
  2 iguanas
  4 sheep (D:7)
  A killer bee zombie (D:6)
  2 hound skeletons
  A worker ant zombie (D:11)
  16 adders
  9 gnolls
  A river rat (Sewer)
  3 shadow imps
  An ooze (D:1)
  An adder skeleton (D:10)
  2 worms
  4 giant geckos
  133 orcs
  8 bats
  3 bat skeletons (D:2)
  4 bat zombies (D:2)
  A giant cockroach (D:2)
  5 goblins
  4 hobgoblins
  17 jackals
  11 kobolds
  A giant gecko zombie (D:5)
  4 giant newts
  A jackal skeleton (D:6)
  4 quokkas
  A quokka skeleton (D:5)
  6 rats
  2 fungi (Orc:4)
471 creatures vanquished.

Vanquished Creatures (collateral kills)
  An orc warlord (Orc:4)
  A hydra (D:12)
  2 orc high priests (Orc:4)
  A hill giant (D:11)
  An orc knight (Orc:4)
  An orc sorcerer (Orc:4)
  A troll (Orc:4)
  A wraith (D:11)
  A basilisk (D:11)
  An ice beast (D:11)
  8 orc warriors (Orc:4)
  2 giant frogs
  2 wights (D:11)
  2 killer bees (D:10)
  A crimson imp (D:9)
  An orc wizard (Orc:4)
  An orc priest (Orc:4)
  An iguana (D:7)
  5 orcs
  A fungus (Orc:4)
35 creatures vanquished.

Vanquished Creatures (others)
  A wizard (D:7)
  A quokka (D:12)
2 creatures vanquished.

Grand Total: 508 creatures vanquished

Notes
Turn   | Place    | Note
--------------------------------------------------------------
     0 | D:1      | Urist the Hill Orc Fighter began the quest for the Orb.
     0 | D:1      | Reached XP level 1. HP: 19/19 MP: 1/1
   126 | D:1      | Reached XP level 2. HP: 25/27 MP: 2/2
   474 | D:2      | Reached skill level 4 in Fighting
   474 | D:2      | Reached XP level 3. HP: 26/33 MP: 3/3
  1006 | D:2      | Reached XP level 4. HP: 40/40 MP: 4/4
  1007 | D:2      | Found an ancient bone altar of Kikubaaqudgha.
  1009 | D:2      | Noticed a vampire bat
  1031 | D:2      | Killed a vampire bat
  1133 | D:3      | Reached skill level 1 in Dodging
  1133 | D:3      | Reached XP level 5. HP: 33/46 MP: 5/5
  1228 | D:3      | Found a shattered altar of Ashenzari.
  1316 | D:3      | Found a glowing golden altar of the Shining One.
  1456 | D:3      | Found a burning altar of Makhleb.
  1468 | D:3      | Became a worshipper of Makhleb the Destroyer
  1488 | D:3      | Found a sparkling altar of Nemelex Xobeh.
  1736 | D:4      | Found a stormy altar of Qazlal.
  1996 | D:4      | Reached XP level 6. HP: 37/53 MP: 6/6
  2466 | D:4      | Found a glowing drain.
  2471 | Sewer    | Entered a sewer
  2643 | Sewer    | Reached skill level 5 in Armour
  2647 | Sewer    | Reached * piety under Makhleb
  2681 | Sewer    | Found a white marble altar of Elyvilon.
  2959 | D:4      | Noticed Edmund
  2972 | D:4      | Killed Edmund
  2972 | D:4      | Reached skill level 5 in Fighting
  2972 | D:4      | Reached XP level 7. HP: 52/61 MP: 7/7
  3151 | D:5      | Entered Level 5 of the Dungeon
  3199 | D:5      | Reached skill level 5 in Shields
  3461 | D:5      | Reached skill level 5 in Axes
  3466 | D:5      | Got a brightly glowing marble ring
  3467 | D:5      | Identified the ring "Hahut" {rElec rN+ Int-3 Dex+4 Stlth+} (You found it on level 5 of the Dungeon)
  3524 | D:5      | Found a shadowy altar of Dithmenos.
  3555 | D:5      | Reached XP level 8. HP: 41/70 MP: 8/8
  3874 | D:5      | Found a sacrificial altar of Ru.
  4245 | D:6      | Reached ** piety under Makhleb
  4255 | D:6      | Reached skill level 6 in Fighting
  4263 | D:6      | Reached skill level 1 in Stealth
  4423 | D:6      | Found a staircase to the Ecumenical Temple.
  4541 | D:6      | Reached skill level 7 in Axes
  4712 | D:6      | Reached XP level 9. HP: 78/78 MP: 9/9
  4812 | D:6      | Found a glowing golden altar of the Shining One.
  4921 | D:6      | Reached *** piety under Makhleb
  5258 | D:7      | Found a glowing silver altar of Zin.
  5299 | D:7      | Found a shadowy altar of Dithmenos.
  5312 | D:7      | Reached skill level 8 in Axes
  5391 | D:7      | Identified the Volume of Changing
  5468 | D:7      | Reached skill level 1 in Invocations
  5536 | D:7      | Got a faintly glowing ring mail
  5537 | D:7      | Identified the +4 ring mail of Wuatur {MR+ Regen+} (You found it on level 7 of the Dungeon)
  5826 | D:7      | Found a bloodstained altar of Trog.
  5827 | D:7      | Noticed a wizard
  5833 | D:7      | Killed a wizard
  5862 | D:7      | Found a radiant altar of Vehumet.
  6200 | D:8      | Reached **** piety under Makhleb
  6222 | D:8      | Found a staircase to the Lair.
  6239 | D:8      | Found a deep blue altar of Sif Muna.
  6374 | D:8      | Reached skill level 9 in Axes
  6429 | D:8      | Identified a scroll of acquirement
  6430 | D:8      | Got a bone war axe
  6434 | D:8      | Identified the +9 war axe of Demonkind {vamp, rN+} (You acquired it on level 8 of the Dungeon)
  6446 | D:8      | Reached XP level 10. HP: 86/86 MP: 9/11
  6623 | D:8      | Noticed Joseph
  6640 | D:8      | Killed Joseph
  6875 | D:9      | Reached ***** piety under Makhleb
  7031 | D:9      | Reached skill level 5 in Dodging
  7287 | D:9      | Got a jewelled hand axe
  7288 | D:9      | Lost intelligence.
  7288 | D:9      | Identified the cursed +3 hand axe of the Shining Light {chop, +Inv Int-5 Dex+3} (You found it on level 9 of the Dungeon)
  7333 | D:9      | Found a white marble altar of Elyvilon.
  7402 | D:9      | Found a snail-covered altar of Cheibriados.
  7489 | D:10     | Entered Level 10 of the Dungeon
  7493 | D:10     | Noticed a hill giant
  7505 | D:10     | Killed a hill giant
  7505 | D:10     | Reached skill level 10 in Axes
  7549 | D:10     | Gained mutation: You have sharp toenails. [potion of mutation]
  7549 | D:10     | Gained mutation: You are partially covered in rough black scales (AC +4, Dex -1). [potion of mutation]
  7549 | D:10     | Gained mutation: Your body sometimes deteriorates upon taking damage. [potion of mutation]
  7707 | D:10     | Noticed a hill giant
  7714 | D:10     | Killed a hill giant
  7714 | D:10     | Reached XP level 11. HP: 95/95 MP: 13/13
  7762 | D:10     | Noticed Harold
  7912 | D:10     | Killed Harold
  7983 | D:10     | Noticed Sonja
  8029 | D:10     | Killed Sonja
  8029 | D:10     | Reached skill level 11 in Axes
  8297 | D:11     | Noticed a hill giant
  8303 | D:11     | Killed a hill giant
  8321 | D:11     | Reached skill level 1 in Evocations
  8368 | D:11     | Noticed a hill giant
  8375 | D:11     | Killed a hill giant
  8499 | D:11     | Noticed a hill giant
  8507 | D:11     | Killed a hill giant
  9176 | D:12     | Noticed a five-headed hydra
  9187 | D:12     | Killed a ten-headed hydra
  9187 | D:12     | Reached skill level 10 in Fighting
  9189 | D:12     | Killed an unseen horror
  9189 | D:12     | Reached skill level 5 in Invocations
  9232 | D:12     | Reached XP level 12. HP: 106/106 MP: 15/15
  9312 | D:12     | Reached ****** piety under Makhleb
  9328 | D:12     | Got an uncursed translucent hand crossbow {venom}
  9338 | D:12     | Identified the +7 hand crossbow "Elluoxt" {venom, Str+4} (You took it off a crimson imp on level 12 of the Dungeon)
  9348 | D:12     | Noticed Maurice
  9377 | D:12     | Killed Maurice
  9434 | D:12     | Reached skill level 12 in Axes
  9658 | D:12     | Reached skill level 10 in Shields
  9953 | D:12     | Found a staircase to the Orcish Mines.
 10004 | Orc:1    | Entered Level 1 of the Orcish Mines
 11438 | Orc:4    | Entered Level 4 of the Orcish Mines
 11438 | Orc:4    | Found a roughly hewn altar of Beogh.
 11438 | Orc:4    | Found Qikuetz's Antique Weapon Boutique.
 11563 | Orc:4    | Reached skill level 13 in Axes
 11604 | Orc:4    | Found Nang's Antique Weapon Shop.
 11675 | Orc:4    | Found a staircase to the Elven Halls.
 11699 | Orc:4    | Noticed an orc high priest
 11719 | Orc:4    | Killed an orc high priest
 11750 | Orc:4    | Noticed an orc high priest
 11755 | Orc:4    | Noticed an orc warlord
 11756 | Orc:4    | Reached skill level 1 in Crossbows
 11770 | Orc:4    | Killed an orc high priest
 11773 | Orc:4    | Killed an orc warlord
 11773 | Orc:4    | Reached XP level 13. HP: 116/116 MP: 16/16
 11774 | Orc:4    | Found Zumonus's Antique Armour Shop.
 11795 | Orc:4    | Bought a pair of fine boots for 218 gold pieces
 11805 | Orc:4    | Identified the +0 pair of boots of Idealism {SInv Stlth+} (You bought it in a shop on level 4 of the Orcish Mines)
 11846 | Orc:4    | Found Ritzerux's Book Shop.
 11846 | Orc:4    | Noticed an orc high priest
 11856 | Orc:4    | Killed an orc high priest
 11858 | Orc:4    | Reached skill level 14 in Axes
 12006 | Orc:4    | Found Sadogull's General Store.
 12007 | Orc:4    | Noticed Rupert
 12028 | Orc:4    | Killed from afar by a balrug

Action                   |  1- 3 |  4- 6 |  7- 9 | 10-12 | 13-15 || total
-------------------------+-------+-------+-------+-------+-------++-------
Melee: War axe           |    85 |   173 |   373 |   567 |    37 ||  1235
       Hand axe          |       |       |       |   129 |       ||   129
 Fire: Hand crossbow     |       |       |       |    23 |       ||    23
Invok: Minor Destruction |       |       |     7 |    14 |     1 ||    22
       Major Destruction |       |       |     3 |       |       ||     3
       Lesser Servant of |       |       |     1 |     1 |       ||     2
       Greater Servant o |       |       |       |     4 |     2 ||     6
Evoke: Wand              |       |     2 |       |    10 |       ||    12
       Box of beasts     |       |       |       |     1 |       ||     1
  Use: Scroll            |     5 |     6 |    10 |     8 |       ||    29
       Potion            |     1 |    13 |     3 |     6 |     1 ||    24
 Stab: Sleeping          |       |       |     3 |     7 |       ||    10
       Paralysed         |       |       |       |     2 |       ||     2
       Distracted        |       |       |       |     1 |       ||     1
  Eat: Chunk             |       |     2 |     1 |       |       ||     3
       Pizza             |       |     2 |       |     3 |       ||     5
       Meat ration       |       |     1 |     2 |     4 |       ||     7
       Bread ration      |       |       |     2 |     2 |       ||     4
       Beef jerky        |       |       |       |     1 |       ||     1
       Royal jelly       |       |       |       |     2 |       ||     2
